 Dungeon Crawl Stone Soup version 0.29.1-12-g30fa7ad0bf (webtiles) character file.

Game seed: 14473507060731837859

445 retardedninja the Shield-Bearer (level 6, -11/84 HPs)
             Began as a Minotaur Fighter on Jan 5, 2023.
             Mangled by Duvessa
             ... wielding a +0 rapier
              (14 damage)
             ... on level 4 of the Dungeon.
             The game lasted 00:04:20 (2930 turns).

retardedninja the Shield-Bearer (Minotaur Fighter)  Turns: 2930, Time: 00:04:21

Health: -11/84     AC: 11    Str: 24    XL:     6   Next: 72%
Magic:  5/5        EV:  7    Int:  9    God:
Gold:   163        SH:  5    Dex: 10    Spells: 5/5 levels left

rFire   . . .      SeeInvis .   a - +0 war axe
rCold   . . .      Faith    .   c - +0 buckler
rNeg    . . .      Spirit   .   A - +0 chain mail
rPois   .          Reflect  .   (helmet restricted)
rElec   .          Harm     +   e - +0 cloak of Bursted Happiness {Harm +Blink Str+2 Int+4}
rCorr   .          Rampage  .   (no gloves)
Will    .....                   (no boots)
Stlth   ..........              (no amulet)
HPRegen 0.24/turn               (no ring)
MPRegen 0.09/turn               (no ring)

@: berserking, studying Shields, very quick
A: horns 2, retaliatory headbutt
a: Evoke Blink


You were on level 4 of the Dungeon.
You visited 1 branch of the dungeon, and saw 4 of its levels.

You collected 163 gold pieces.

Inventory:

Hand Weapons
 a - a +0 war axe (weapon)
Armour
 c - a +0 buckler (worn)
 e - the +0 cloak of Bursted Happiness (worn) {Harm +Blink Str+2 Int+4}
   (You acquired it on level 4 of the Dungeon)

   Str:       It affects your strength (+2).
   Int:       It affects your intelligence (+4).
   +Blink:    It lets you blink.
   Harm:      It increases damage dealt and taken.
 A - a +0 chain mail (worn)
Jewellery
 f - a ring of positive energy
 C - a +6 ring of intelligence
Scrolls
 j - a scroll of summoning {unknown}
 l - a scroll of poison {unknown}
 m - a scroll of teleportation {unknown}
 o - a scroll of magic mapping {unknown}
 p - 2 scrolls of silence {unknown}
 q - a scroll of butterflies {unknown}
 r - 2 scrolls of noise {unknown}
 t - a scroll of enchant armour {unknown}
 u - a scroll of fear {unknown}
 x - a scroll of amnesia {unknown}
 y - 3 scrolls of enchant weapon {unknown}
 D - a scroll of identify
Potions
 b - a potion of haste {unknown}
 d - a potion of might
 g - 4 potions of curing
 h - a potion of mutation {unknown}
 i - a potion of attraction
 n - a potion of ambrosia
 s - 2 potions of flight
 v - a potion of berserk rage
 w - a potion of cancellation {unknown}
 z - a potion of brilliance {unknown}
 B - a potion of invisibility {unknown}


   Skills:
 + Level 5.5 Fighting
 + Level 4.8 Axes
 + Level 5.5 Armour
 + Level 6.4 Shields


You had 5 spell levels left.
You didn't know any spells.
Your spell library contained the following spells:

 Spells                   Type           Power      Damage    Failure   Level
 Necrotise                Necr           0%         1d4       98%         1
 Ozocubu's Armour         Ice            0%         N/A       100%        3
 Vampiric Draining        Necr           0%         2d6       100%        3
 Petrify                  Tmut/Erth      0%         N/A       100%        4
 Agony                    Necr           0%         N/A       100%        5
 Metabolic Englaciation   Hex/Ice        0%         N/A       100%        5
 Statue Form              Tmut/Erth      0%         N/A       100%        6
 Ozocubu's Refrigeration  Ice            0%         4d7       100%        7


Dungeon Overview and Level Annotations

Branches:
Dungeon (4/15)
 Temple: D:4-7

Altars:
Cheibriados
Okawaru
Sif Muna
Uskayaw

Annotations:
D:4 Duvessa, Grinder


Innate Abilities, Weirdness & Mutations

You have a pair of horns on your head.
You reflexively headbutt those who attack you in melee.


Message History

Duvessa is lightly wounded.
Duvessa hits you but does no damage. Duvessa hits you with a +0 rapier!
There are monsters nearby!
You are too injured to fight recklessly!
There are monsters nearby!
You feel much better. Duvessa hits you but does no damage.
Grinder blinks!
Duvessa closely misses you. You furiously retaliate!
You headbutt Duvessa! You hit Duvessa.
Duvessa is moderately wounded.
Duvessa barely misses you. Duvessa hits you with a +0 rapier!
You hit Duvessa but do no damage. Your headbutt misses Duvessa.
Duvessa is moderately wounded.
Duvessa barely misses you. Duvessa hits you with a +0 rapier!
You hit Duvessa.
Duvessa is moderately wounded.
Duvessa hits you with a +0 rapier! Duvessa barely misses you.
You hit Duvessa but do no damage.
Duvessa is moderately wounded.
Duvessa hits you but does no damage. Duvessa hits you with a +0 rapier!
You hit Duvessa but do no damage. You headbutt Duvessa, but do no damage.
Duvessa is moderately wounded.
Duvessa hits you but does no damage. Grinder gestures at you.
Pain shoots through your body!
* * * LOW HITPOINT WARNING * * *
Duvessa closely misses you. You furiously retaliate!
You headbutt Duvessa, but do no damage. Grinder gestures at you.
You resist with significant effort.
You feel better. Duvessa hits you with a +0 rapier.
* * * LOW HITPOINT WARNING * * *
A red film seems to cover your vision as you go berserk!
You feel yourself moving faster!
You feel mighty! Duvessa hits you with a +0 rapier!
* * * LOW HITPOINT WARNING * * *
You block Duvessa's attack.
You barely miss Duvessa.
Duvessa is moderately wounded.
You closely miss Grinder. Duvessa hits you with a +0 rapier!
You die...

###.# # #. #...# #...###.# #
# ##..# ..##....# ###.# #..#
.....## ....# #..# .#....###
..(.. #..##
.####...##########..# . #....
##
###.............#..(......##.
# ######.....#............##.
# #.....###@5.# ....... #.
#.##### #e............. #.
..##........... #. #.##
#..>....... ## .. #........#
# #.. >.. # ... .. # ....


You could see Grinder and Duvessa (berserk).

Vanquished Creatures
  Menkaure (D:4)
  Dowan (D:4)
  A hound (D:3)
  An orc priest (D:3)
  Natasha (thrice) (D:4)
  Robin (D:3)
  2 adders
  3 worms
  A dart slug (D:3)
  5 orcs
  5 ball pythons
  4 bats
  7 endoplasms
  4 giant cockroaches
  16 goblins
  9 hobgoblins
  3 jackals (D:4)
  3 quokkas
  5 frilled lizards
  6 kobolds
  9 rats
90 creatures vanquished.

Notes
Turn   | Place    | Note
-------+----------+-------------------------------------------
     0 | D:1      | retardedninja the Minotaur Fighter began the quest for the
                  | Orb.
     0 | D:1      | Reached XP level 1. HP: 19/19 MP: 0/0
   283 | D:1      | Reached XP level 2. HP: 27/27 MP: 1/1
   291 | D:1      | Found a faded altar of an unknown god.
   460 | D:1      | Reached skill level 4 in Shields
   895 | D:2      | Reached XP level 3. HP: 31/33 MP: 2/2
   950 | D:2      | Identified the +9 short sword "Tiphoych" {vorpal, *Rage
                  | rPois rN+++ Int+4}
   953 | D:2      | Identified the +2 dagger "Dyhos" {chaos, rPois Dex+6}
  1517 | D:3      | Reached XP level 4. HP: 35/41 MP: 3/3
  1726 | D:3      | Found an iron altar of Okawaru.
  1739 | D:3      | Found a hide-covered altar of Uskayaw.
  1767 | D:3      | You fall into a shaft and drop 1 floor!
  1774 | D:4      | Identified 2 scrolls of acquirement
  1774 | D:4      | Acquired the +0 cloak of Bursted Happiness {Harm +Blink
                  | Str+2 Int+4}
  1776 | D:4      | Acquired a manual of Shields
  1843 | D:4      | Noticed Natasha
  1847 | D:4      | Killed Natasha
  1850 | D:4      | Reached XP level 5. HP: 44/47 MP: 4/4
  1871 | D:4      | Noticed Natasha
  1876 | D:4      | Killed Natasha
  1877 | D:4      | Reached skill level 5 in Shields
  1902 | D:4      | Found a shimmering blue altar of Sif Muna.
  1910 | D:4      | Noticed Natasha
  1914 | D:4      | Killed Natasha
  2217 | D:3      | Reached skill level 5 in Fighting
  2218 | D:3      | Reached skill level 5 in Armour
  2387 | D:3      | Identified the +1 helmet "Qetulut" {*Corrode rElec rPois
                  | rN++}
  2387 | D:3      | Noticed Robin
  2399 | D:3      | Killed Robin
  2479 | D:3      | Found a snail-covered altar of Cheibriados.
  2499 | D:3      | Reached XP level 6. HP: 46/56 MP: 5/5
  2679 | D:4      | Noticed Menkaure
  2689 | D:4      | Killed Menkaure
  2690 | D:4      | Reached skill level 6 in Shields
  2908 | D:4      | Noticed Dowan
  2915 | D:4      | Killed Dowan
  2916 | D:4      | Noticed Duvessa
  2916 | D:4      | Noticed Grinder
  2929 | D:4      | HP: 3/84 [Duvessa/+0 rapier (9)]
  2930 | D:4      | Mangled by Duvessa

Illustrated notes

Levels and vault maps discovered:
D:1:      kilobyte_arrival_exit_the_forest, layout_rooms,
          ebering_ecumenical_altar_sacrificial
D:2:      layout_basic
D:3:      layout_basic, cheibrodos_worm_habitat,
          mainiacjoe_overflow_catch_the_wave, uniq_robin
D:4:      layout_rooms, lemuel_doored_altar, uniq_natasha, uniq_menkaure,
          uniq_duvessa, uniq_grinder

Skill      XL: |  1  2  3  4  5  6 |
---------------+-------------------+-----
Shields        | 4 5 6 |  6.4
Fighting       | 4 5 |  5.5
Armour         | 4 5 |  5.5
Axes           | 3 4 |  4.8

Action                   |  1- 3 |  4- 6 || total
-------------------------+-------+-------++-------
Melee: War axe           |    71 |    84 ||   155
       Headbutt          |     8 |     8 ||    16
  Use: Scroll            |       |     8 ||     8
       Potion            |       |     3 ||     3
Armor: Scale mail        |    46 |    15 ||    61
       Chain mail        |       |    23 ||    23
Dodge: Dodged            |    33 |    39 ||    72
Block: Buckler           |    17 |    18 ||    35
